 Dungeon Crawl Stone Soup version 0.16.0 (webtiles) character file.

693 Fiveotanaka the Martial Artist (level 7, -7/35 HPs)
             Began as a Vine Stalker Monk on Mar 22, 2015.
             Was a Believer of Okawaru.
             Killed from afar by Dowan (18 damage)
             ... with a wand of lightning
             ... on level 5 of the Dungeon.
             The game lasted 00:06:04 (2263 turns).

Fiveotanaka the Martial Artist (Vine Stalker Monk)  Turns: 2263, Time: 00:06:04

Health: -7/35      AC:  7    Str: 14    XL:     7   Next: 64%
Magic:  0/9        EV: 12    Int: 10    God:    Okawaru [**....]
Gold:   164        SH:  0    Dex: 18    Spells: 0 memorised, 6 levels left

rFire  . . .     SeeInvis .       - Unarmed
rCold  . . .     Clarity  .     t - +0 ring mail
rNeg   . . .     SustAb   .     (no shield)
rPois  .         Gourm    .     (no helmet)
rElec  .         Spirit   +     (no cloak)
rCorr  .         Warding  .     p - +1 pair of gloves
rMut   .         Rnd*Tele +     (no boots)
MR     .....                    (no amulet)
Stlth  ++........               (no ring)
                                y - ring of teleportation (curse)

@: not resistant to hostile enchantments, unstealthy
A: fangs 2, regeneration 2, magic shield, antimagic bite, no device heal 3, rot
immunity
a: Heroism, Renounce Religion, Evoke Teleportation


You were on level 5 of the Dungeon.
You worshipped Okawaru.
Okawaru was pleased with you.
You were not hungry.

You visited 2 branches of the dungeon, and saw 6 of its levels.

You collected 164 gold pieces.

Inventory:

Missiles
 d - 153 stones (quivered)
 h - 24 poisoned needles
Armour
 p - a +1 pair of gloves (worn)
 t - a +0 ring mail (worn)
Jewellery
 y - a cursed ring of teleportation (left hand)
Magical devices
 m - a wand of frost (0)
Scrolls
 c - 2 scrolls of remove curse {unknown}
 g - 7 scrolls of identify
 j - a scroll of random uselessness {unknown}
 n - a scroll of magic mapping {unknown}
 q - 2 scrolls of teleportation {unknown}
 x - a scroll of blinking {unknown}
Potions
 a - 2 potions of resistance {unknown}
 e - a potion of ambrosia
 k - a potion of heal wounds {unknown}
 l - a potion of cancellation {unknown}
 o - a potion of magic {unknown}
 r - a potion of poison {unknown}
 s - a potion of flight {unknown}
 u - 2 potions of berserk rage {unknown}
 z - a potion of curing {unknown}
 B - a potion of brilliance {unknown}
Comestibles
 b - 4 bread rations
 f - 4 fruits
 i - 2 royal jellies
 v - 3 chunks of flesh
 w - a beef jerky
 A - a meat ration


   Skills:
 - Level 2.6 Fighting
 - Level 2.4 Dodging
 - Level 2.4 Stealth
 + Level 9.1 Unarmed Combat


You had 6 spell levels left.
You didn't know any spells.

Dungeon Overview and Level Annotations

Branches:
Dungeon (5/15)             Temple (1/1) D:4

Altars:
Dithmenos
Elyvilon
Fedhas
Makhleb
Okawaru
Qazlal
Ru
Sif Muna
Trog
Vehumet
Xom
Yredelemnul
Zin
The Shining One

Annotations:
D:5 Dowan


Innate Abilities, Weirdness & Mutations

You have extremely sharp teeth.
You heal very quickly.
When hurt, damage is shared between your health and your magic reserves.
Your bite disrupts and absorbs the magic of your enemies.
Potions and wands cannot restore your health.
You are immune to rotting.


Message History

You butcher the worker ant corpse.
v - 3 chunks of flesh
y - an ivory ring Put on which piece of jewellery? (? for menu, Esc to quit)
You feel slightly jumpy.
Oops, that ring feels deathly cold.
y - a cursed ring of teleportation (left hand)
Your surroundings suddenly seem different.
Dowan shouts!
Dowan seems to find hidden reserves of power!
Dowan mumbles some strange words.
Dowan blinks!
Found a sedimented ruby potion.
Found a stone staircase leading up.
Put on which piece of jewellery? (? for menu, Esc to quit)
Okay, then.
Dowan zaps a wand.
The bolt of lightning misses you.
It is a wand of lightning.
Dowan zaps a wand.
The bolt of lightning hits you!
Ouch! That really hurt!
The bolt of lightning hits you!
Ouch! That really hurt!
You die...

#............##.##.#
#.##.###..#.#.......
.. #.###..#.#.#.#...
#.#.............. ##
#.#.#..#.#.#.#...
.e§##.#.#..#.#.......
#...........###.##.#
####e.....### #)##.#
#@......#####)>...
##.....#...).....#
#....##.######..#
#.#.## # #..# #.#<#
#..# #.... ##..#
##.!## ...# .## #.##
. #.##


You could see Dowan.

Vanquished Creatures
  2 ice beasts
  Duvessa (D:5)
  A scorpion (D:4)
  A crimson imp (D:3)
  5 worker ants
  A hound (D:4)
  An orc wizard (D:5)
  3 gnolls (D:4)
  6 adders
  A shadow imp (D:5)
  4 worms
  2 giant geckos
  6 orcs
  A ball python (D:2)
  4 giant cockroaches
  7 goblins
  7 hobgoblins
  4 jackals
  11 kobolds
  3 quokkas
  4 bats
  2 giant newts
  A jackal skeleton (D:5)
  A quokka skeleton (D:4)
  4 rats
83 creatures vanquished.

Notes
Turn   | Place    | Note
--------------------------------------------------------------
     0 | D:1      | Fiveotanaka, the Vine Stalker Monk, began the quest for the Orb.
     0 | D:1      | Reached XP level 1. HP: 11/11 MP: 1/1
   128 | D:1      | Reached XP level 2. HP: 13/16 MP: 3/3
   617 | D:1      | Reached XP level 3. HP: 15/19 MP: 2/4
   634 | D:2      | Reached skill level 5 in Unarmed Combat
   866 | D:2      | Reached XP level 4. HP: 23/23 MP: 5/5
  1113 | D:3      | Noticed a water elemental
  1115 | D:3      | Found a stormy altar of Qazlal.
  1117 | D:3      | Noticed an air elemental
  1117 | D:3      | Noticed an earth elemental
  1117 | D:3      | Noticed a fire elemental
  1207 | D:3      | Found a radiant altar of Vehumet.
  1208 | D:3      | Found a burning altar of Makhleb.
  1222 | D:3      | Reached skill level 6 in Unarmed Combat
  1222 | D:3      | Reached XP level 5. HP: 19/27 MP: 5/7
  1611 | D:3      | Noticed an ice beast
  1625 | D:3      | Killed an ice beast
  1625 | D:3      | Reached skill level 7 in Unarmed Combat
  1625 | D:3      | Gained mutation: You heal very quickly. [vine stalker growth]
  1625 | D:3      | Reached XP level 6. HP: 26/32 MP: 8/8
  1806 | D:4      | Found a staircase to the Ecumenical Temple.
  1830 | Temple   | Entered the Ecumenical Temple
  1888 | Temple   | Became a worshipper of Warmaster Okawaru
  1888 | Temple   | Acquired Okawaru's first power
  1980 | D:4      | Reached skill level 8 in Unarmed Combat
  1980 | D:4      | Reached XP level 7. HP: 21/35 MP: 7/9
  2110 | D:5      | Entered Level 5 of the Dungeon
  2189 | D:5      | Noticed Duvessa
  2189 | D:5      | Noticed Dowan
  2200 | D:5      | Killed Duvessa
  2224 | D:5      | Reached skill level 9 in Unarmed Combat
  2263 | D:5      | Killed from afar by Dowan

Action                   |  1- 3 |  4- 6 |  7- 9 || total
-------------------------+-------+-------+-------++-------
Melee: Unarmed           |    74 |   103 |    32 ||   209
  Use: Scroll            |       |     1 |       ||     1
 Stab: Sleeping          |     5 |     2 |       ||     7
  Eat: Chunk             |       |     3 |     1 ||     4
